Map: Thunderbird LE

Players

Bly - Winner!

  • Race: Zerg Zerg
  • Spawn Location: 11:00

Semper

  • Race: Terran Terran
  • Spawn Location: 5:00

VOD

Have the link to the VOD?

Description

Time

  • Played on: Sept. 6, 2019, 12:33 p.m.
  • Length: 16:33
Show
View Real Time Build Order
Export as new Build Order

Bly Zerg - Winner!

Build Orders: Hatch First, Swarm Host 

Get SALT Encoding   

  12  0:01  Drone  
  13  0:13  Overlord  
  13  0:17  Drone  
  14  0:31  Drone x2  
  16  0:48  Hatchery  
  15  0:51  Drone  
  15  0:54  Drone  
  17  0:57  Drone  
  18  1:08  Extractor  
  17  1:13  Spawning Pool  
  17  1:16  Drone  
  17  1:20  Drone  
  18  1:28  Drone  
  19  1:39  Drone  
  20  1:49  Overlord  
  20  2:00  Queen x2  
  24  2:02  Zergling x4  
  26  2:10  Drone  
  26  2:14  Metabolic Boost  
  27  2:31  Hatchery  
  27  2:32  Drone x2  
  27  2:40  Drone x3  
  30  2:47  Queen  
  32  2:53  Overlord  
  32  2:57  Drone x2  
  34  3:02  Drone  
  35  3:09  Overlord  
  35  3:11  Drone x3  
  38  3:21  Overlord  
  38  3:23  Overlord  
  38  3:31  Queen, Drone  
  40  3:38  Zergling x6  
  43  3:45  Queen  
  43  3:46  Queen, Drone  
  43  3:47  Drone x2  
  50  3:48  Drone  
  50  3:54  Drone x2  
  53  4:04  Overlord x2  
  53  4:05  Drone x4  
  57  4:13  Overlord  
  57  4:14  Overlord  
  57  4:15  Drone x2  
  59  4:23  Zergling x8  
  62  4:35  Zergling x6  
  63  4:39  Drone  
  63  4:41  Lair  
  63  4:42  Spore Crawler  
  63  4:43  Spore Crawler, Queen  
  63  4:44  Spore Crawler, Queen  
  65  4:48  Drone x4  
  69  4:54  Zergling x2  
  69  4:55  Zergling x2  
  69  4:59  Roach Warren  
  70  5:04  Zergling x10  
  71  5:39  Overseer  
  71  5:41  Glial Reconstitution  
  71  5:42  Roach  
  73  5:44  Overlord x2  
  73  5:45  Overlord, Extractor  
  73  5:46  Queen x3, Extractor  
  73  5:48  Extractor  
  66  5:59  Drone x10  
  66  6:02  Drone x2  
  78  6:14  Drone x9  
  87  6:22  Queen x3  
  93  6:28  Drone x5  
  98  6:36  Hatchery  
  97  6:41  Drone x5, Extractor  
  97  6:42  Extractor  
  98  6:49  Roach x3  
  98  6:54  Evolution Chamber  
  103  6:57  Queen, Roach x6  
  103  6:58  Queen, Roach  
  121  7:07  Overlord x5  
  121  7:13  Infestation Pit  
  120  7:19  Roach  
  120  7:21  Zerg Missile Weapons Level 1  
  122  7:35  Roach x12  
  146  7:46  Overlord  
  146  7:47  Nydus Network  
  139  8:04  Roach x4  
  139  8:05  Roach x10  
  159  8:20  Roach x6  
  159  8:42  Roach x8  
  159  8:43  Overlord x2  
  159  8:44  Nydus Canal  
  159  8:48  Overlord  
  175  8:57  Nydus Canal  
  175  9:00  Spire  
  174  9:03  Spore Crawler  
  174  9:04  Extractor  
  174  9:05  Tunneling Claws  
  174  9:09  Nydus Canal  
  172  9:21  Zerg Missile Weapons Level 2  
  172  9:32  Swarm Host x9  
  200  9:38  Ravager  
  200  9:40  Nydus Canal  
  200  10:02  Extractor  
  199  10:12  Hatchery  
  198  10:27  Overlord x4  
  198  10:31  Infestation Pit  
  198  10:33  Baneling Nest  
  196  10:42  Nydus Canal  
  196  10:46  Spore Crawler, Drone x2  
  196  10:47  Drone x2  
  199  10:56  Ravager x2, Nydus Canal  
  200  11:00  Burrow  
  192  11:21  Extractor x2  
  190  11:33  Hive  
  190  11:44  Zerg Melee Weapons Level 1  
  188  11:48  Evolution Chamber  
  188  11:51  Ravager x7  
  192  12:01  Nydus Canal  
  170  12:26  Roach x17  
  170  12:29  Nydus Canal  
  177  12:39  Zerg Ground Armor Level 1  
  177  12:51  Roach x8  
  125  13:20  Corruptor x16  
  125  13:21  Corruptor x4  
  125  13:23  Zergling x24  
  171  13:33  Queen x4  
  179  13:38  Hatchery  
  178  13:50  Roach x11  
  178  13:52  Zerg Melee Weapons Level 2  
  199  14:04  Hatchery  
  199  14:05  Drone x4  
  199  14:06  Overlord  
  200  14:10  Greater Spire  
  168  14:33  Roach x13  
  192  14:45  Ravager x8  
  183  15:22  Brood Lord x8  
  199  15:54  Drone x3  
Show
View Real Time Build Order
Export as new Build Order

Semper Terran 

Build Orders: Hellion Opening, Reaper Expand, Mech 

Get SALT Encoding   

  12  0:00  SCV  
  13  0:12  SCV  
  14  0:17  Supply Depot  
  14  0:25  SCV  
  15  0:38  SCV  
  15  0:40  Barracks  
  16  0:43  Refinery  
  16  0:50  SCV  
  17  1:03  SCV  
  18  1:15  SCV  
  19  1:27  Orbital Command, Reaper  
  20  1:40  Command Center  
  20  1:49  Supply Depot  
  20  1:52  SCV  
  21  1:59  Marine  
  22  2:04  SCV  
  23  2:09  Factory  
  23  2:16  SCV  
  23  2:17  Refinery  
  23  2:22  Barracks Reactor  
  24  2:32  SCV  
  25  2:44  SCV  
  26  2:53  Starport  
  26  2:54  Orbital Command  
  26  2:56  SCV  
  27  3:05  Hellion x2  
  31  3:08  SCV  
  31  3:10  Marine  
  33  3:20  SCV  
  33  3:21  SCV  
  35  3:28  Hellion x2  
  35  3:32  SCV  
  39  3:34  SCV  
  39  3:38  Supply Depot  
  40  3:42  Fusion Core  
  40  3:45  SCV  
  40  3:48  Marine, Starport Tech Lab  
  41  3:52  Hellion  
  41  3:53  Hellion  
  46  4:00  SCV  
  47  4:04  SCV  
  47  4:05  Supply Depot  
  48  4:12  SCV  
  48  4:15  Hellion x2  
  53  4:18  SCV  
  54  4:27  SCV  
  54  4:30  Battlecruiser  
  60  4:38  SCV  
  60  4:42  Supply Depot  
  60  4:44  Supply Depot  
  60  4:45  Supply Depot  
  61  4:49  Armory  
  61  4:57  SCV  
  62  5:04  Command Center  
  64  5:07  Hellion  
  64  5:09  Hellion  
  64  5:11  SCV  
  68  5:14  SCV  
  68  5:21  Engineering Bay  
  68  5:27  SCV  
  69  5:31  Refinery x2  
  69  5:33  SCV  
  70  5:39  Hellion x2  
  74  5:48  Battlecruiser  
  80  5:52  SCV  
  80  5:54  SCV  
  76  6:00  Hellion x2  
  76  6:02  Hellion x2  
  76  6:04  SCV  
  76  6:07  SCV  
  78  6:17  Orbital Command  
  76  6:20  Factory  
  76  6:23  Factory  
  77  6:25  SCV x2  
  78  6:34  Terran Vehicle Weapons Level 1  
  78  6:35  Barracks Tech Lab  
  78  6:37  Hellion x2  
  82  6:43  SCV  
  82  6:46  SCV, Supply Depot  
  84  6:51  Orbital Command  
  84  6:56  SCV  
  85  7:02  SCV, Refinery  
  85  7:05  Refinery  
  86  7:09  Starport Tech Lab  
  86  7:10  SCV  
  86  7:14  Siege Tank x2  
  93  7:16  Hellion x2  
  93  7:18  SCV  
  98  7:28  SCV  
  99  7:34  Battlecruiser  
  103  7:39  SCV x2  
  103  7:42  SCV  
  106  7:45  Missile Turret  
  106  7:49  Missile Turret  
  106  7:51  SCV x2  
  108  7:52  Supply Depot  
  108  7:53  Supply Depot  
  108  7:54  SCV  
  108  7:58  Siege Tank  
  109  7:59  Hellion  
  109  8:03  SCV  
  109  8:06  Missile Turret  
  109  8:13  SCV x2  
  109  8:14  Armory  
  109  8:16  SCV  
  112  8:24  Supply Depot x2, Weapon Refit  
  112  8:26  SCV  
  113  8:31  Siege Tank  
  113  8:32  Hellion  
  118  8:38  Siege Tank, Hellion  
  121  8:42  Supply Depot  
  121  8:45  SCV x2  
  123  8:48  SCV  
  123  8:50  Hellion x2  
  123  8:51  Hellion x8  
  123  8:53  Hellion  
  126  8:57  SCV  
  126  8:58  SCV  
  126  9:00  SCV, Hellion  
  125  9:03  Siege Tank, Battlecruiser  
  125  9:08  Terran Vehicle And Ship Armor Level 1  
  125  9:09  SCV  
  135  9:13  Siege Tank  
  138  9:18  Terran Vehicle Weapons Level 2  
  138  9:21  SCV, Factory  
  138  9:22  SCV, Factory  
  140  9:25  Supply Depot  
  140  9:26  Supply Depot  
  140  9:32  Hellion x2  
  144  9:38  Supply Depot  
  144  9:39  Infernal Pre-Igniter, SCV  
  144  9:41  Mag-Field Accelerator  
  145  9:47  Command Center  
  145  9:52  Sensor Tower  
  145  9:54  SCV x3  
  148  10:03  Siege Tank x2  
  148  10:05  Factory Tech Lab  
  154  10:07  Factory Reactor  
  154  10:10  Hellion x6  
  154  10:14  Hellion x2  
  158  10:22  SCV x2  
  158  10:24  SCV  
  147  10:34  SCV x2  
  147  10:35  Siege Tank  
  150  10:39  Siege Tank  
  150  10:40  Hellion  
  149  10:48  Siege Tank  
  152  10:54  Sensor Tower  
  152  10:57  Supply Depot  
  150  10:59  Hellion  
  150  11:00  Hellion  
  154  11:06  SCV  
  154  11:07  Cyclone, Supply Depot  
  158  11:12  Cyclone  
  158  11:18  Hellion  
  163  11:20  Cyclone  
  163  11:24  SCV  
  154  11:28  Hellion x2  
  158  11:33  Terran Vehicle And Ship Armor Level 2  
  158  11:36  Starport x2  
  158  11:38  Starport Reactor  
  158  11:39  Siege Tank  
  161  11:41  Hellion  
  161  11:44  Siege Tank  
  166  11:52  Siege Tank  
  166  12:03  Hellion x2  
  164  12:11  Cyclone  
  164  12:12  Command Center, Smart Servos  
  164  12:14  Hellion x2  
  165  12:16  Siege Tank  
  165  12:19  SCV x2  
  151  12:28  SCV  
  151  12:29  Siege Tank  
  146  12:30  Hellion  
  146  12:31  SCV x2  
  150  12:37  Hellion  
  150  12:40  Refinery  
  150  12:42  Hellion  
  152  12:46  Hellion  
  154  12:55  Siege Tank  
  154  12:56  Hellion  
  157  13:01  Advanced Ballistics  
  157  13:03  SCV  
  157  13:04  SCV  
  153  13:10  Cyclone, Hellion  
  149  13:13  Hellion  
  150  13:24  Siege Tank  
  150  13:25  Hellion  
  155  13:30  SCV  
  155  13:32  Cyclone, Hellion  
  155  13:33  Hellion  
  163  13:38  SCV x2  
  165  13:44  Missile Turret  
  165  13:49  Orbital Command  
  165  13:55  Siege Tank, Hellion x8  
  170  13:58  Planetary Fortress  
  160  14:03  Viking  
  160  14:10  Viking x2  
  146  14:32  Viking  
  146  14:33  Viking  
  150  14:40  Viking x2  
  150  14:44  SCV, Missile Turret x2  
  150  14:45  SCV x2  
  157  14:46  Refinery x2  
  154  14:56  SCV x2  
  154  14:58  SCV  
  152  15:02  Viking x2  
  149  15:10  Viking x2  
  139  15:16  SCV  
  139  15:17  SCV  
  139  15:21  Missile Turret  
  141  15:23  Orbital Command  
  141  15:24  Cyclone  
  141  15:25  Cyclone  
  147  15:32  Cyclone  
  150  15:39  Hellion  
  150  15:41  SCV x2  
  150  15:42  SCV  
  140  15:53  SCV  
  140  15:56  Siege Tank  
  147  15:57  Cyclone  
  116  16:11  Hellion x4  
  116  16:14  SCV x2  
  113  16:20  SCV x2  
Tags
 
Add a new tag
Caveats
  • Supply blocks, unpowered buildings, or Contaminate may cause inaccurate times.
  • Supply counts are checked every 10 seconds.